 Dungeon Crawl Stone Soup version 0.27-a0-1191-g601b473118 (webtiles) character file.

Game seed: 12477092240876816611

47 st0uf the Slasher (level 3, 0/31 HPs)
             Began as a Minotaur Gladiator on May 23, 2021.
             Slain by Terence
             ... wielding a +0 mace
              (1 damage)
             ... on level 2 of the Dungeon.
             The game lasted 00:02:06 (855 turns).

st0uf the Slasher (Minotaur Gladiator)               Turns: 855, Time: 00:02:06

Health: 0/31       AC:  5    Str: 18    XL:     3   Next: 48%
Magic:  2/2        EV: 12    Int:  5    God:
Gold:   23         SH:  0    Dex: 12    Spells: 2/2 levels left

rFire    . . .     SeeInvis .   a - +0 long sword
rCold    . . .     Faith    .   (no shield)
rNeg     . . .     Spirit   .   e - +0 ring mail
rPois    .         Reflect  .   c - +0 hat
rElec    .         Harm     .   (no cloak)
rCorr    .         Rampage  .   (no gloves)
Will     .....                  (no boots)
Stlth    +.........             (no amulet)
HPRegen  0.10/turn              (no ring)
MPRegen  0.08/turn              (no ring)

@: flying, invisible
A: horns 2, retaliatory headbutt
a: no special abilities


You were on level 2 of the Dungeon.
You visited 1 branch of the dungeon, and saw 2 of its levels.

You collected 23 gold pieces.

Inventory:

Hand Weapons
 a - a +0 long sword (weapon)
Missiles
 d - 3 throwing nets (quivered)
Armour
 b - a +0 leather armour
 c - a +0 hat (worn)
 e - a +0 ring mail (worn)
Scrolls
 h - a scroll of holy word {unknown}
 i - a scroll of amnesia {unknown}


   Skills:
 + Level 3.0 Fighting
 + Level 4.3 Long Blades
 + Level 2.1 Throwing
 + Level 0.7 Armour
 + Level 4.0 Dodging


You had 2 spell levels left.
You didn't know any spells.
Your spell library was empty.

Dungeon Overview and Level Annotations

Branches:
Dungeon (2/15)

Altars:

Shops:
D:2 :

Annotations:
D:2 Terence


Innate Abilities, Weirdness & Mutations

You have a pair of horns on your head.
You reflexively headbutt those who attack you in melee.


Message History

You hit the ball python.
You kill the ball python!
The bat hits you but does no damage.
Your Dodging skill increases to level 4!
You hit the bat.
The bat is heavily wounded.
The bat barely misses you. The bat misses you. You furiously retaliate!
You headbutt the bat.
You riposte.
You hit the bat.
You kill the bat!
There is an entrance to Ippia's Book Shoppe here.
There is a fountain of clear blue water here.
You now have 23 gold pieces (gained 15).
Terence the Incautious comes into view.
He is wielding a +0 mace and carrying a wand of flame (18).
Terence shouts!
Terence zaps a wand.
The puff of flame hits you.
Found a scroll labelled EKHLEL CUNKEFAAT.
A dart slug comes into view.
You see here 17 sling bullets.
You start resting.
Terence is nearby!
Terence hits you with a +0 mace!
You see here 17 sling bullets.
You hit Terence but do no damage.
Terence zaps a wand.
The puff of flame hits you!
You hit Terence but do no damage. Terence barely misses you.
Okay, then.
You hit Terence but do no damage. You headbutt Terence.
Terence is lightly wounded.
Terence hits you with a +0 mace!
* * * LOW HITPOINT WARNING * * *
Unknown command.
It was a potion of flight.
You feel very buoyant.
You fly up into the air.
Terence zaps a wand.
The puff of flame hits you.
* * * LOW HITPOINT WARNING * * *
Unknown command.
It was a potion of invisibility.
You fade into invisibility!
Terence hits you with a +0 mace.
You die...

#.# ... #.... #.# ##.#.#
#......... #.## #..#.# #.........
#..#####.######....####w.......
.............................#
##..####.............. ......#
###.#####..##....##.. .....# ..
###........#....@##?# ##...##...
..<..#####.#.#.@###.####.........
####....##.....w.w...............
######......####...###...#.##...
..........#..# #................
...##........####..#####.#.###..
.....#...##.##.....####...# ..
..####.#..#.##..........### # ..
...##.#.#...........#


You could see Terence and a dart slug.

Vanquished Creatures
  A dart slug (D:2)
  6 ball pythons
  4 endoplasms (D:1)
  2 giant cockroaches
  5 goblins (D:1)
  3 jackals (D:1)
  4 kobolds (D:1)
  4 quokkas (D:1)
  3 bats
  5 frilled lizards
  A rat (D:1)
38 creatures vanquished.

Notes
Turn   | Place    | Note
-------+----------+-------------------------------------------
     0 | D:1      | st0uf the Minotaur Gladiator began the quest for the Orb.
     0 | D:1      | Reached XP level 1. HP: 18/18 MP: 0/0
   106 | D:1      | Reached XP level 2. HP: 20/25 MP: 1/1
   406 | D:1      | Reached XP level 3. HP: 31/31 MP: 2/2
   793 | D:2      | Found Ippia's Book Shoppe.
   831 | D:2      | Noticed Terence
   854 | D:2      | HP: 1/31 [Terence/puff of flame (6)]
   855 | D:2      | Slain by Terence

Illustrated notes

Levels and vault maps discovered:
D:1:      dpeg_arrival_round_b, layout_rooms, minmay_surrounded
D:2:      layout_rooms, serial_shops, shop_fountains, basic_altar, uniq_terence

Skill      XL: |  1  2  3 |
---------------+----------+-----
Fighting       | 3 |  3.0
Long Blades    | 4 |  4.3
Dodging        | 4 |  4.0
Throwing       | |  2.1
Armour         | |  0.7

Action                   || total
-------------------------++-------
Melee: Long sword        ||    62
       Headbutt          ||     9
  Use: Potion            ||     2
Armor: Leather armour    ||     2
       Ring mail         ||    13
Dodge: Dodged            ||    43
       Rpst.: Long sword ||    10

Table legend: (Time is in decaauts)
 A = Elapsed time spent in this place.
 B = Non-inter-level travel time spent in this place.
 C = Inter-level travel time spent in this place.
 D = Time resting spent in this place.
 E = Time spent auto-exploring this place.
 F = Levels seen in this place.
 G = Mean time per level.
                   A        B        C        D        E       F      G
               +--------+--------+--------+--------+--------+-----+--------+
         Total |    867 |    855 |     12 |    202 |    444 |   2 |  433.5 |
       Dungeon |    867 |    855 |     12 |    202 |    444 |   2 |  433.5 |
               +--------+--------+--------+--------+--------+-----+--------+

Top non-repeatable levels by time:
     D:1: 723 daAuts
     D:2: 143 daAuts
